 Dungeon Crawl Stone Soup version 0.29.0-13-gc9e81de378 (webtiles) character file.

Game seed: 17955206333680432400

143 nicolae the Shooter (level 5, -3/34 HPs)
             Began as an Octopode Hunter on Sept 10, 2022.
             Killed by divine providence
             ... invoked by an orc priest
              (12 damage)
             ... on level 3 of the Dungeon.
             The game lasted 00:04:26 (1808 turns).

nicolae the Shooter (Octopode Hunter)               Turns: 1808, Time: 00:04:27

Health: -3/34      AC:  1    Str: 11    XL:     5   Next: 25%
Magic:  5/5        EV: 13    Int: 11    God:
Gold:   110        SH:  0    Dex: 17    Spells: 4/4 levels left

rFire   . . .      SeeInvis .   a - +0 shortbow
rCold   . . .      Faith    .   (shield currently unavailable)
rNeg    . . .      Spirit   .   (helmet restricted)
rPois   .          Reflect  .   (no amulet)
rElec   .          Harm     .   (no ring)
rCorr   .          Rampage  .   (no ring)
Will    .....                   (no ring)
Stlth   +++.......              (no ring)
HPRegen 0.11/turn               (no ring)
MPRegen 0.09/turn               (no ring)
                                (no ring)
                                (no ring)

@: no status effects
A: almost no armour, amphibious, 8 rings, camouflage 1, gelatinous body 1,
(nimble swimmer 1), tentacles
a: no special abilities


You were on level 3 of the Dungeon.
You visited 1 branch of the dungeon, and saw 3 of its levels.

You collected 110 gold pieces.

Inventory:

Hand Weapons
 a - a +0 shortbow (weapon)
Missiles
 i - 11 javelins
Jewellery
 h - an amulet of magic regeneration
Scrolls
 b - 2 scrolls of immolation
 g - a scroll of vulnerability
 k - a scroll of teleportation {unknown}
Potions
 c - 2 potions of curing
 d - a potion of haste {unknown}
 e - a potion of resistance {unknown}
 f - a potion of magic {unknown}
 l - a potion of attraction {unknown}


   Skills:
 - Level 2.0 Fighting
 + Level 6.4 Ranged Weapons
 - Level 2.0 Dodging
 - Level 1.3 Stealth


You had 4 spell levels left.
You didn't know any spells.
Your spell library was empty.

Dungeon Overview and Level Annotations

Branches:
Dungeon (3/15)

Altars:
Elyvilon
Zin
The Shining One


Innate Abilities, Weirdness & Mutations

You cannot wear most types of armour.
You are amphibious.
You can wear up to eight rings at the same time.
Your skin changes colour to match your surroundings (Stealth+).
Your rubbery body absorbs attacks. (AC +1, EV +1)
((You are camouflaged when in or above water. (Stealth+)))
You have tentacles for arms and can constrict up to eight enemies at once.


Message History

The orc closely misses you.
You shoot an arrow. The arrow hits the orc!
The orc is almost dead.
An orc comes into view. It is wielding a +0 short sword.
The orc hits you with a +0 club.
You shoot an arrow. The arrow barely misses the orc.
The orc closely misses you.
An orc priest comes into view. It is wielding a +0 hand axe.
The orc closely misses you.
Okay, then.
The orc attacks as you move away! The orc hits you with a +0 club.
The orc hits you with a +0 club!
You shoot an arrow. The arrow hits the orc.
You kill the orc!
The orc priest mumbles some strange prayers to Beogh against you.
Beogh smites you!
* * * LOW HITPOINT WARNING * * *
Unknown command.
You feel better.
The orc priest looks satisfied for a moment.
The rat bites you.
* * * LOW HITPOINT WARNING * * *
Unknown command.
As you read the scroll labelled KAYPUL RAIMUBIA, it crumbles to dust.
You assume a fearsome visage.
The orc priest resists with some effort.
The orc priest looks frightened!
The orc looks frightened!
The rat looks frightened!
It was a scroll of fear.
You are too injured to fight recklessly!
The orc priest hits you with a +0 hand axe!
* * * LOW HITPOINT WARNING * * *
You are too injured to fight recklessly!
You are too injured to fight recklessly!
Fire: a) +0 shortbow
Press: ? - help, Q - select action, (/) - cycle Shift-Dir - straight line, f - orc priest
Aim: an orc priest, wielding a +0 hand axe (64% to hit)
You shoot an arrow. The arrow barely misses the orc priest.
The orc priest mumbles some strange prayers to Beogh against you.
Beogh smites you!
You die...

#####..........#......#
#........####........##
########.######.####..####.##
...o......# #.##).....##.#
.......#..#####.#..........#
#.)...................#
#...)#......#.......#.#.##
#.##.##.###o######.##.#.# #
#o #.# #@# #.##.#.# .o ..#
#.# #......# ########†###
#.##.#.# #.....# #.#....#
#.....# #.#....# #.....#
#.#....# #.....# #.#.##.#
#.....# #... ..# ####### ###.
##


You could see an orc priest.

Vanquished Creatures
  3 gnolls (D:2)
  6 adders
  2 worms (D:2)
  A dart slug (D:2)
  2 orcs (D:3)
  2 ball pythons
  A bat (D:1)
  6 endoplasms
  3 giant cockroaches
  5 goblins
  5 hobgoblins
  3 jackals (D:2)
  A kobold (D:3)
  2 quokkas
  A frilled lizard (D:2)
  7 rats
50 creatures vanquished.

Notes
Turn   | Place    | Note
-------+----------+-------------------------------------------
     0 | D:1      | nicolae the Octopode Hunter began the quest for the Orb.
     0 | D:1      | Reached XP level 1. HP: 14/14 MP: 1/1
   218 | D:1      | Reached XP level 2. HP: 19/19 MP: 2/2
   423 | D:1      | Found a faded altar of an unknown god.
   423 | D:1      | Noticed a balrug
   548 | D:2      | Reached XP level 3. HP: 24/24 MP: 3/3
   562 | D:2      | Reached skill level 5 in Ranged Weapons
   765 | D:2      | Reached XP level 4. HP: 29/29 MP: 4/4
  1140 | D:2      | Reached skill level 6 in Ranged Weapons
  1281 | D:2      | Reached XP level 5. HP: 22/34 MP: 5/5
  1725 | D:3      | Found a white marble altar of Elyvilon.
  1725 | D:3      | Found a glowing golden altar of the Shining One.
  1727 | D:3      | Found a glowing silver altar of Zin.
  1808 | D:3      | Killed from afar by an orc priest

Illustrated notes

Levels and vault maps discovered:
D:1:      roderic_octagonal_star, layout_rooms,
          dreamdust_ecumenical_altar_sealed_demon
D:2:      layout_basic
D:3:      layout_loops_cross, dreamdust_divine_triumvirate, minmay_liquid_box

Skill      XL: |  1  2  3  4 |
---------------+-------------+-----
Ranged Weapons | 5 6 |  6.4
Fighting       | |  2.0
Dodging        | |  2.0
Stealth        | |  1.3

Action                   |  1- 3 |  4- 6 || total
-------------------------+-------+-------++-------
Melee: Shortbow          |       |     1 ||     1
 Fire: Shortbow          |    68 |    68 ||   136
  Use: Potion            |       |     2 ||     2
       Scroll            |       |     2 ||     2
Armor: Skin              |     1 |     2 ||     3
Dodge: Dodged            |     4 |    27 ||    31
